 Dungeon Crawl Stone Soup version 0.14-a0-1330-g3eed206 (webtiles) character file.

149 PolkaDot the Skirmisher (level 3, -3/29 HPs)
             Began as a Vampire Death Knight on Dec 6, 2013.
             Was a Believer of Yredelemnul.
             Slain by a gnoll (5 damage)
             ... on Level 2 of the Dungeon.
             The game lasted 00:03:18 (1215 turns).

PolkaDot the Skirmisher (Vampire Death Knight)      Turns: 1215, Time: 00:03:18

HP  -3/29        AC  3     Str 12      XL: 3   Next: 50%
MP   4/4         EV 10     Int 13      God: Yredelemnul [**....]
Gold 101         SH  0     Dex 14      Spells:  0 memorised,  2 levels left

rFire  . . .     SeeInvis +     h - +3 dwarf short sword (speed)
rCold  . . .     Clarity  .     b - +0 leather armour
rNeg   . . .     Conserve .     (no shield)
rPois  .         rCorr    .     (no helmet)
rElec  .         rRot     .     (no cloak)
SustAb . .       Spirit   .     (no gloves)
rMut   .         Warding  .     (no boots)
Saprov . . .     Stasis   .     (no amulet)
                                (no ring)
                                (no ring)

@: regenerating quickly, slightly resistant to hostile enchantments, unstealthy
A: fangs 3, see invisible, unbreathing
a: Animate Remains, Recall Undead Slaves, Injury Mirror, Renounce Religion


You were on level 2 of the Dungeon.
You worshipped Yredelemnul.
Yredelemnul was pleased with you.
You were full.

You visited 1 branch of the dungeon, and saw 3 of its levels.

You collected 101 gold pieces.

Inventory:

Hand weapons
 h - a +3,+3 dwarven short sword of speed (weapon)
Armour
 b - a +0 leather armour (worn)
 j - a +1 dwarven buckler
Scrolls
 a - 3 scrolls of fear {unknown}
 c - a scroll of recharging {unknown}
 d - a scroll of random uselessness {unknown}
 e - 4 scrolls of teleportation {unknown}
 f - a scroll of remove curse {unknown}
 g - a scroll of enchant weapon II {unknown}
 k - a scroll of immolation {unknown}
Potions
 i - a potion of resistance {unknown}
 l - a potion of speed {unknown}


   Skills:
 * Level 3.1 Fighting
 + Level 2.9 Short Blades
 - Level 0.7 Armour
 - Level 1.1 Dodging
 - Level 2.4 Invocations


You had 2 spell levels left.
You didn't know any spells.

Dungeon Overview and Level Annotations

Branches:
Dungeon (3/16)

Altars:
Nemelex Xobeh
Okawaru


Innate Abilities, Weirdness & Mutations

Your natural rate of healing is unusually fast.
You have razor-sharp teeth.*
You have supernaturally acute eyesight.
You can survive without breathing.*


Message History

Your bat zombie hits the gnoll.
The gnoll closely misses you.
You hit the gnoll.
The gnoll is almost dead.
Your bat zombie barely misses the gnoll.
The gnoll hits you with a flail.
Your bat zombie closely misses the gnoll.
The gnoll barely misses you.
You barely miss the gnoll.
The gnoll is almost dead.
Your bat zombie barely misses the gnoll.
You closely miss the gnoll.
The gnoll is almost dead.
Your bat zombie hits the gnoll but does no damage.
The gnoll hits you from afar with a halberd!
Ouch! That really hurt!
* * * LOW HITPOINT WARNING * * *
Your jackal zombie bites the gnoll but does no damage.
The gnoll hits you.
You die...
Yredelemnul claims you as an undead slave.

#.#.........# #.#.#...........#
#g#.........# #.#.#.........#.#
#.#.........# #.#.#........%#.#
#.#.........# #.#.#.........#.#
#.#.........# #.#.#.........#.#
#.#.........# #.#.#....######.###
#.#...%.....###.#(#....###.......
#.#............z.........(.......
...gg.........zz@.........)......
#.#..........##g#g###.####>......
#.#.......#.#....g.# # #.......
#.#......%._.......# #.......
#.#.......#.#...g..# #.......
#.#................# #.......
#.#................# ########
#.#.........%... ..#
#.#............. .


You could see 3 gnolls, a friendly bat zombie and 2 friendly jackal zombies.

Vanquished Creatures
  A giant eyeball (D:3)
  An ooze (D:2)
  A ball python (D:1)
  3 bats
  6 goblins
  4 hobgoblins
  7 jackals
  2 kobolds (D:1)
  2 quokkas
  4 training dummies (D:2)
  2 giant cockroaches (D:1)
  2 giant newts (D:2)
  2 rats
37 creatures vanquished.

Notes
Turn   | Place    | Note
--------------------------------------------------------------
     0 | D:1      | PolkaDot, the Vampire Death Knight, began the quest for the Orb.
     0 | D:1      | Reached XP level 1. HP: 16/16 MP: 1/1
   360 | D:1      | Reached XP level 2. HP: 21/23 MP: 2/2
   835 | D:2      | Found an iron altar of Okawaru.
   879 | D:3      | Found a sparkling altar of Nemelex Xobeh.
   884 | D:3      | Paralysed by a giant eyeball for 3 turns
   896 | D:3      | Paralysed by a giant eyeball for 4 turns
   978 | D:3      | Reached XP level 3. HP: 25/28 MP: 4/4
  1043 | D:2      | Reached skill level 3 in Fighting
  1044 | D:2      | Acquired Yredelemnul's second power
  1108 | D:2      | Found an iron altar of Okawaru.
  1215 | D:2      | Slain by a gnoll

Action                   || total
-------------------------++-------
Melee: Short sword       ||   126
Invok: Animate Remains   ||     3
  Use: Potion            ||     3
 Stab: Distracted        ||     1
